 Dungeon Crawl Stone Soup version 0.22-a0-388-g09e6169 (webtiles) character file.

379 Kairos the Shield-Bearer (level 6, -4/32 HPs)
             Began as a Vine Stalker Fighter on Apr 29, 2018.
             Was an Initiate of Okawaru.
             Killed by divine providence
             ... invoked by an orc priest
              (9 damage)
             ... on level 4 of the Dungeon.
             The game lasted 00:06:00 (2904 turns).

Kairos the Shield-Bearer (Vine Stalker Fighter)     Turns: 2904, Time: 00:06:01

Health: -4/32      AC:  8    Str: 20    XL:     6   Next: 74%
Magic:  0/16       EV:  8    Int:  8    God:    Okawaru [......]
Gold:   117        SH:  9    Dex: 14    Spells: 5/5 levels left

rFire    . . .     SeeInvis .   o - +3 whip (elec)
rCold    . . .     Gourm    .   c - +0 shield
rNeg     . . .     Faith    .   b - +0 scale mail
rPois    .         Spirit   +   (no helmet)
rElec    .         Reflect  .   (no cloak)
rCorr    .         Harm     .   j - +0 pair of gloves
MR       .....                  (no boots)
Stlth    ..........             (no amulet)
HPRegen  0.50/turn              n - +3 ring of slaying
MPRegen  0.15/turn              w - ring of magical power

@: no status effects
A: fangs 2, regeneration 1, magic shield, antimagic bite, no potion heal 3, rot
immunity
a: Renounce Religion


You were on level 4 of the Dungeon.
You worshipped Okawaru.
Okawaru was noncommittal.
You were very hungry.

You visited 2 branches of the dungeon, and saw 5 of its levels.

You collected 117 gold pieces.

Inventory:

Hand Weapons
 a - a +0 war axe
 o - a +3 whip of electrocution (weapon)
Armour
 b - a +0 scale mail (worn)
 c - a +0 shield (worn)
 j - a +0 pair of gloves (worn)
Jewellery
 n - a +3 ring of slaying (left hand)
 w - a ring of magical power (right hand)
 y - an uncursed amulet of faith {unknown}
Scrolls
 h - a scroll of identify
 k - a scroll of remove curse
 l - 2 scrolls of fear
 m - a scroll of fog {unknown}
 q - a scroll of blinking {unknown}
 t - 2 scrolls of amnesia
 x - a scroll of immolation {unknown}
Potions
 d - a potion of might
 e - a potion of mutation {unknown}
 g - 6 potions of curing
 i - 2 potions of haste
 p - a potion of ambrosia {unknown}
 r - a potion of heal wounds {unknown}
 s - a potion of experience {unknown}
 u - 3 potions of brilliance
 v - a potion of agility {unknown}
Comestibles
 f - 5 rations


   Skills:
 + Level 3.1 Fighting
 + Level 2.6(3.2) Axes
 + Level 2.5(3.1) Maces & Flails
 + Level 3.7 Armour
 + Level 1.0 Dodging
 + Level 0.3 Stealth
 + Level 4.0 Shields


You had 5 spell levels left.
You didn't know any spells.

Dungeon Overview and Level Annotations

Branches:
Dungeon (4/15)             Temple (1/1) D:4

Altars:
Ashenzari
Cheibriados
Dithmenos
Elyvilon
Gozag
Kikubaaqudgha
Makhleb
Nemelex Xobeh
Okawaru
Qazlal
Ru
Vehumet
Wu Jian
Xom
Yredelemnul
The Shining One


Innate Abilities, Weirdness & Mutations

You have extremely sharp teeth.
Your natural rate of healing is unusually fast.
When hurt, damage is shared between your health and your magic reserves.
Your bite disrupts and absorbs the magic of your enemies.
Potions cannot restore your health.
You are immune to rotting.


Message History

The iguana is heavily wounded.
The jackal barely misses you. The iguana bites you!
The orc priest mumbles some strange prayers to Beogh against you.
Beogh smites you! You block the jackal's attack.
You whack the orc priest! You bite the orc priest. You drain its power.
You feel invigorated.
The orc priest is almost dead.
You block the iguana's attack. The jackal bites you. The orc priest hits you.
Unknown command.
You hit the orc priest.
Lightning courses through the orc priest!
You kill the orc priest!
Okawaru accepts your kill. The jackal closely misses you. The iguana bites you!
* * * LOW HITPOINT WARNING * * *
You block the jackal's attack. The iguana bites you.
* * * LOW HITPOINT WARNING * * *
The orc priest mumbles some strange prayers to Beogh against you.
Beogh smites you!
You die...

##.# ##..#....#####.#
#.####......### #.#
##..#...###..## #.## #......##
#...# #..####... ......## ##...#
#.........
<..##..###....######.######......
.####..##......##....# ....o ##
##.............l<.# #....
####............@†h..# #....
.##...#...###.....o..### ##....
.....###[.###..........#####..$..
...### #...##...............o....
...# ##..#..............o......
#..## ##..............##.$...###
##..####.....................##
###..##........######..##....# #
##.........### ##.###....##


You could see an iguana, an orc priest and a jackal.

Vanquished Creatures
  Sigmund (D:3)
  An orc priest (D:4)
  An orc wizard (D:4)
  Jessica (D:3)
  A worker ant (D:4)
  4 adders
  A dart slug (D:1)
  3 leopard geckos
  6 orcs
  3 giant cockroaches
  6 goblins
  7 hobgoblins
  4 jackals
  9 kobolds
  A quokka (D:3)
  9 bats
  3 frilled lizards
  9 rats
  A bush (D:1)
  A plant (D:1)
72 creatures vanquished.

Notes
Turn   | Place    | Note
-------+----------+-------------------------------------------
     0 | D:1      | Kairos the Vine Stalker Fighter began the quest for the Orb.
     0 | D:1      | Reached XP level 1. HP: 11/11 MP: 2/2
    90 | D:1      | Reached XP level 2. HP: 15/16 MP: 3/3
   139 | D:1      | Reached skill level 3 in Shields
   573 | D:1      | Reached XP level 3. HP: 20/20 MP: 4/4
   933 | D:2      | Found a shimmering altar of Xom.
   933 | D:2      | Found a shimmering altar of Xom.
   934 | D:2      | Found a shimmering altar of Xom.
   936 | D:2      | Found a shimmering altar of Xom.
   936 | D:2      | Found a shimmering altar of Xom.
  1068 | D:2      | Gained mutation: Your natural rate of healing is unusually fast. [Vine Stalker growth]
  1068 | D:2      | Reached XP level 4. HP: 24/24 MP: 5/5
  1438 | D:3      | Noticed Sigmund
  1496 | D:3      | Killed Sigmund
  1496 | D:3      | Reached skill level 1 in Maces & Flails
  1496 | D:3      | Reached XP level 5. HP: 20/28 MP: 6/6
  1496 | D:3      | Reached XP level 6. HP: 23/32 MP: 7/7
  1935 | D:3      | Found a snail-covered altar of Cheibriados.
  1940 | D:3      | Found a shadowy altar of Dithmenos.
  1944 | D:3      | Found an ornate altar of the Wu Jian Council.
  1944 | D:3      | Found a shattered altar of Ashenzari.
  1947 | D:3      | Found a shimmering altar of Xom.
  1949 | D:3      | Found a radiant altar of Vehumet.
  2223 | D:3      | Noticed Jessica
  2227 | D:3      | Killed Jessica
  2227 | D:3      | Reached skill level 4 in Shields
  2495 | D:4      | Found a staircase to the Ecumenical Temple.
  2506 | Temple   | Entered the Ecumenical Temple
  2649 | Temple   | Became a worshipper of Warmaster Okawaru
  2699 | D:4      | Reached skill level 1 in Dodging
  2904 | D:4      | Killed from afar by an orc priest

Vault maps used:
D:1:      mainiacjoe_arrival_reflecting_pool, lexackson_kobold_supper
D:2:      xom_redecorated
D:3:      minitemple, uniq_jessica, uniq_sigmund
D:4:      minmay_temple_entry_junction
Temple:   regret_index_temple_generic_petals

Skill      XL: |  1  2  3  4  5  6 |
---------------+-------------------+-----
Shields        | 3 4 |  4.0
Fighting       | 3 |  3.1
Axes           | 2 |  2.6
Armour         | 3 |  3.7
Maces & Flails | 1 2 |  2.5
Dodging        | 1 |  1.0
Stealth        | |  0.3

Action                   |  1- 3 |  4- 6 || total
-------------------------+-------+-------++-------
Melee: War axe           |    65 |       ||    65
       Bite              |    33 |    13 ||    46
       Whip              |    54 |    55 ||   109
  Use: Scroll            |       |     7 ||     7
  Eat: Chunk             |       |     2 ||     2
       Ration            |       |     1 ||     1
Armor: Scale mail        |    47 |    33 ||    80
Dodge: Dodged            |    35 |    20 ||    55
Block: Shield            |    49 |    37 ||    86

Table legend:
 A = Spawn XP
 B = Non-spawn XP
 C = Spawn XP percentage of total XP
 D = Spawn monster count
 E = Non-spawn monster count
 F = Spawn count percentage of total count
 G = Total turns spent on level
                    A         B        C        D         E        F      G
               +---------+---------+-------+---------+---------+-------+---------
         Total |       0 |     542 |   0.0 |       0 |      70 |   0.0 |  2904
               +---------+---------+-------+---------+---------+-------+---------
           D:1 |       0 |      55 |   0.0 |       0 |      32 |   0.0 |   964
           D:2 |       0 |      36 |   0.0 |       0 |       9 |   0.0 |   342
           D:3 |       0 |     319 |   0.0 |       0 |      21 |   0.0 |  1186
           D:4 |       0 |     132 |   0.0 |       0 |       8 |   0.0 |   237
               +---------+---------+-------+---------+---------+-------+---------
